 Dungeon Crawl Stone Soup version 0.28-a0-653-g7e9dba17c3 (webtiles) character file.

Game seed: 4134001988047216032

278 Gargoyl the Skirmisher (level 6, 0/53 HPs)
             Began as a Gnoll Abyssal Knight on Oct 12, 2021.
             Was a Believer of Lugonu.
             Slain by Duvessa (16 damage)
             ... on level 4 of the Dungeon.
             The game lasted 00:05:42 (3387 turns).

Gargoyl the Skirmisher (Gnoll Abyssal Knight)       Turns: 3387, Time: 00:05:42

Health: 0/53       AC:  6    Str: 14    XL:     6   Next: 26%
Magic:  9/9        EV: 13    Int:  9    God:    Lugonu [**....]
Gold:   96         SH:  0    Dex: 16    Spells: 8/8 levels left

rFire   . . .      SeeInvis .   k - +1 dagger (venom)
rCold   . . .      Faith    .   (no shield)
rNeg    . . .      Spirit   .   d - +2 robe of the Insatiable Mouths {Harm Dex+3}
rPois   +          Reflect  .   g - +0 helmet
rElec   .          Harm     +   (no cloak)
rCorr   .          Rampage  .   (no gloves)
Will    .....                   c - +0 pair of boots
Stlth   ++........              (no amulet)
HPRegen 0.17/turn               f - ring of poison resistance
MPRegen 0.11/turn               (no ring)

@: weak-willed
A: fangs 1, strong nose, distributed training
a: Renounce Religion, Depart the Abyss, Bend Space


You were on level 4 of the Dungeon.
You worshipped Lugonu.
Lugonu was pleased with you.
You visited 1 branch of the dungeon, and saw 4 of its levels.
You visited the Abyss 1 time.

You collected 150 gold pieces.
You spent 54 gold pieces at shops.

Inventory:

Hand Weapons
 a - a +1 hand axe
 j - a +0 war axe
 k - a +1 dagger of venom (weapon)
Missiles
 e - 2 throwing nets (quivered)
Armour
 c - a +0 pair of boots (worn)
 d - the +2 robe of the Insatiable Mouths (worn) {Harm Dex+3}
   (You found it on level 2 of the Abyss)

   Dex:       It affects your dexterity (+3).
   Harm:      It increases damage dealt and taken.
 g - a +0 helmet (worn)
Jewellery
 f - a ring of poison resistance (left hand)
Scrolls
 l - a scroll of fear
Potions
 b - a potion of curing
 m - a potion of might
 n - a potion of heal wounds {unknown}


   Skills:
 + Level 6.8 Fighting
 + Level 1.9 Short Blades
 + Level 1.9 Long Blades
 + Level 4.9 Axes
 + Level 1.9 Maces & Flails
 + Level 1.9 Polearms
 + Level 1.9 Staves
 + Level 1.9 Slings
 + Level 1.9 Bows
 + Level 1.9 Crossbows
 + Level 1.9 Throwing
 + Level 4.9 Armour
 + Level 3.2 Dodging
 + Level 1.9 Stealth
 + Level 1.9 Shields
 + Level 1.9 Unarmed Combat
 + Level 1.9 Spellcasting
 + Level 1.5 Conjurations
 + Level 1.5 Hexes
 + Level 1.5 Summonings
 + Level 1.5 Necromancy
 + Level 1.5 Translocations
 + Level 1.5 Transmutations
 + Level 1.5 Fire Magic
 + Level 1.5 Ice Magic
 + Level 1.5 Air Magic
 + Level 1.5 Earth Magic
 + Level 1.5 Poison Magic
 + Level 5.0 Invocations
 + Level 1.9 Evocations


You had 8 spell levels left.
You didn't know any spells.
Your spell library contained the following spells:

 Spells                   Type           Power      Damage    Failure   Level
 Animate Skeleton         Necr           6%         N/A       19%         1
 Apportation              Tloc           6%         N/A       19%         1
 Freeze                   Ice            12%        1d4       19%         1
 Magic Dart               Conj           12%        1d3       19%         1
 Summon Small Mammal      Summ           12%        N/A       19%         1
 Searing Ray              Conj           6%         2d4       28%         2
 Frozen Ramparts          Ice            6%         1d2       50%         3
 Fulminant Prism          Conj/Hex       1%         3d6       88%         4
 Hailstorm                Conj/Ice       3%         3d3       88%         4


Dungeon Overview and Level Annotations

Branches:
Dungeon (4/15)
 Temple: D:4-7

Altars:
Uskayaw

Shops:
D:1 [

Annotations:
D:4 Dowan, Duvessa


Innate Abilities, Weirdness & Mutations

You have very sharp teeth.
Your uncanny sense of smell can sniff out nearby items.
Your experience applies equally to all skills.


Message History

As you read the scroll labelled TAAQYKHLUKH, it crumbles to dust.
You speak a Word of immense power!
It was a scroll of holy word.
As you read the scroll labelled JUMUNO ECEAGG, it crumbles to dust.
Magic quickly surges around you.
It was a scroll of vulnerability.
As you read the scroll of identify, it crumbles to dust.
m - a potion of might
Found 16 sling bullets.
A quokka comes into view.
A quokka is nearby!
You see here 16 sling bullets.
The helpless quokka fails to defend itself.
You puncture the quokka!
You kill the quokka!
Lugonu accepts your kill.
You see here a quokka corpse.
Found 23 arrows.
You see here 23 arrows.
A hobgoblin comes into view.
A hobgoblin is nearby!
The hobgoblin shouts!
You hear a shout!
Dowan, Brother of Duvessa comes into view.
He is wielding a +0 dagger.
The hobgoblin closely misses you.
Duvessa, Sister of Dowan comes into view.
She is wielding a +2 rapier of speed.
The hobgoblin misses you.
Duvessa shouts!
You hit the hobgoblin.
The hobgoblin is poisoned.
Your bite misses the hobgoblin.
The hobgoblin is almost dead.
You kill the hobgoblin!
Lugonu accepts your kill. Dowan gestures at you while chanting.
The puff of frost hits you!
You hit Duvessa but do no damage.
Duvessa is poisoned.
Duvessa hits you with a +2 rapier of speed! x2
You hit Duvessa but do no damage.
Duvessa looks as sick as possible!
Your bite misses Duvessa. Duvessa closely misses you.
You hit Duvessa.
Duvessa looks as sick as possible!
Duvessa is lightly wounded.
Duvessa hits you with a +2 rapier of speed!
You die...

#....#.#
#......####. #
#......P..... #.
#............
#.##......#+##..
#.........# ∆ .
#.#.......#
#.........#
#.###@#.......
#. #e##......
#e# ...... #.#
###### ..# ###


You could see Duvessa (extremely poisoned) and Dowan.

Vanquished Creatures
  2 vampire bats (D:3)
  An orc priest (D:3)
  Jessica (D:3)
  Terence (D:2)
  3 adders
  2 dart slugs
  2 orcs (D:3)
  3 ball pythons
  13 bats
  12 endoplasms
  A giant cockroach (D:2)
  8 goblins
  7 hobgoblins
  4 jackals (D:1)
  7 quokkas
  3 frilled lizards
  5 kobolds
  7 rats
82 creatures vanquished.

Vanquished Creatures (others)
  4 plants (D:1)
4 creatures vanquished.

Grand Total: 86 creatures vanquished

Notes
Turn   | Place    | Note
-------+----------+-------------------------------------------
     0 | Abyss:1  | Gargoyl the Gnoll Abyssal Knight began the quest for the
                  | Orb.
     0 | Abyss:1  | Reached XP level 1. HP: 23/23 MP: 3/3
    11 | Abyss:2  | Identified the +2 robe of the Insatiable Mouths {Harm
                  | Dex+3}
    73 | Abyss:2  | Noticed an ancient zyme
    96 | Abyss:2  | Noticed a large abomination
    97 | Abyss:2  | Noticed an ophan
   101 | D:1      | Escaped the Abyss
   198 | D:1      | You fall into a shaft and drop 1 floor!
   198 | D:2      | Noticed Terence
   212 | D:2      | Killed Terence
   213 | D:2      | Reached XP level 2. HP: 6/29 MP: 5/5
   213 | D:2      | Reached XP level 3. HP: 8/35 MP: 6/6
   335 | D:2      | Reached * piety under Lugonu
   576 | D:2      | Found a hide-covered altar of Uskayaw.
   607 | D:1      | Found Fogeaxuo's Armour Emporium.
   680 | D:1      | Bought a +0 helmet for 54 gold pieces
  1090 | D:1      | Reached skill level 1 in Short Blades
  1090 | D:1      | Reached skill level 1 in Long Blades
  1090 | D:1      | Reached skill level 1 in Maces & Flails
  1090 | D:1      | Reached skill level 1 in Polearms
  1090 | D:1      | Reached skill level 1 in Staves
  1090 | D:1      | Reached skill level 1 in Slings
  1090 | D:1      | Reached skill level 1 in Bows
  1090 | D:1      | Reached skill level 1 in Crossbows
  1090 | D:1      | Reached skill level 1 in Throwing
  1090 | D:1      | Reached skill level 1 in Stealth
  1090 | D:1      | Reached skill level 1 in Shields
  1090 | D:1      | Reached skill level 1 in Unarmed Combat
  1090 | D:1      | Reached skill level 1 in Spellcasting
  1090 | D:1      | Reached skill level 1 in Evocations
  1205 | D:1      | Reached XP level 4. HP: 38/41 MP: 7/7
  1364 | D:1      | Found a faded altar of an unknown god.
  1480 | D:1      | Reached ** piety under Lugonu
  1850 | D:2      | Reached skill level 1 in Conjurations
  1850 | D:2      | Reached skill level 1 in Hexes
  1850 | D:2      | Reached skill level 1 in Summonings
  1850 | D:2      | Reached skill level 1 in Necromancy
  1850 | D:2      | Reached skill level 1 in Translocations
  1850 | D:2      | Reached skill level 1 in Transmutations
  1850 | D:2      | Reached skill level 1 in Fire Magic
  1850 | D:2      | Reached skill level 1 in Ice Magic
  1850 | D:2      | Reached skill level 1 in Air Magic
  1850 | D:2      | Reached skill level 1 in Earth Magic
  1850 | D:2      | Reached skill level 1 in Poison Magic
  2323 | D:3      | Reached XP level 5. HP: 38/47 MP: 8/8
  2681 | D:3      | Reached skill level 5 in Invocations
  2681 | D:3      | Reached XP level 6. HP: 42/53 MP: 9/9
  2897 | D:3      | Noticed Jessica
  2908 | D:3      | Killed Jessica
  3379 | D:4      | Noticed Dowan
  3380 | D:4      | Noticed Duvessa
  3387 | D:4      | Slain by Duvessa

Illustrated notes

Levels and vault maps discovered:
D:1:      minmay_arrival_diagonal_passages, layout_basic, serial_shops,
          shop_fountains, hellmonk_ecumenical_altar_heavens_door, serial_forest,
          infiniplex_forest_straight_2, infiniplex_forest_straight_1,
          infiniplex_forest_clump_small, infiniplex_forest_lined_ring,
          infiniplex_forest_clump_small, infiniplex_forest_clump_curved,
          infiniplex_forest_straight_2
D:2:      layout_loops_ring, basic_altar, uniq_terence
D:3:      layout_rooms, roderic_batcave, kennysheep_jessica_study
D:4:      corexii_shack_village, layout_basic, uniq_duvessa, uniq_blork_the_orc

Skill      XL: |  1  2  3  4  5 |
---------------+----------------+-----
Short Blades   | 1 |  1.9
Long Blades    | 1 |  1.9
Maces & Flails | 1 |  1.9
Polearms       | 1 |  1.9
Staves         | 1 |  1.9
Slings         | 1 |  1.9
Bows           | 1 |  1.9
Crossbows      | 1 |  1.9
Throwing       | 1 |  1.9
Stealth        | 1 |  1.9
Shields        | 1 |  1.9
Unarmed Combat | 1 |  1.9
Spellcasting   | 1 |  1.9
Evocations     | 1 |  1.9
Conjurations   | 1 |  1.5
Hexes          | 1 |  1.5
Summonings     | 1 |  1.5
Necromancy     | 1 |  1.5
Translocations | 1 |  1.5
Transmutations | 1 |  1.5
Fire Magic     | 1 |  1.5
Ice Magic      | 1 |  1.5
Air Magic      | 1 |  1.5
Earth Magic    | 1 |  1.5
Poison Magic   | 1 |  1.5
Dodging        | 3 |  3.2
Invocations    | 5 |  5.0
Fighting       | |  6.8
Axes           | |  4.9
Armour         | |  4.9

Action                   |  1- 3 |  4- 6 || total
-------------------------+-------+-------++-------
Melee: Hand axe          |    78 |    14 ||    92
       Bite              |    12 |    19 ||    31
       Dagger            |       |   155 ||   155
Throw: Throwing net      |     1 |       ||     1
Invok: Depart the Abyss  |     1 |       ||     1
  Use: Potion            |     1 |       ||     1
       Scroll            |       |     7 ||     7
 Stab: Sleeping          |     2 |    10 ||    12
Armor: Robe              |    28 |    84 ||   112
Dodge: Dodged            |    53 |   162 ||   215

Table legend: (Time is in decaauts)
 A = Elapsed time spent in this place.
 B = Non-inter-level travel time spent in this place.
 C = Inter-level travel time spent in this place.
 D = Time resting spent in this place.
 E = Time spent auto-exploring this place.
 F = Levels seen in this place.
 G = Mean time per level.
                   A        B        C        D        E       F      G
               +--------+--------+--------+--------+--------+-----+--------+
         Total |   3381 |   3309 |     72 |      0 |   2457 |   6 |  563.5 |
       Dungeon |   3281 |   3209 |     72 |      0 |   2411 |   4 |  820.2 |
         Abyss |    100 |    100 |      0 |      0 |     46 |   2 |   50.0 |
               +--------+--------+--------+--------+--------+-----+--------+

Top non-repeatable levels by time:
     D:1: 1182 daAuts
     D:3: 1059 daAuts
     D:2: 995 daAuts
 Abyss:2: 93 daAuts
     D:4: 44 daAuts
 Abyss:1: 7 daAuts
